 Dungeon Crawl Stone Soup version 0.28-a0-1415-g7c84da036a (webtiles) character file.

Game seed: 4976055652976190906

2930 lonewolfV2 the Cleaver (level 9, -3/118 HPs)
             Began as a Hill Orc Fighter on Jan 7, 2022.
             Was a Plaything of Xom.
             Killed by nerve-wracking pain
             ... invoked by an orc priest
              (4 damage)
             ... on level 6 of the Dungeon.
             The game lasted 00:13:41 (8281 turns).

lonewolfV2 the Cleaver (Hill Orc Fighter)           Turns: 8281, Time: 00:13:43

Health: -3/118     AC: 11    Str: 23    XL:     9   Next: 79%
Magic:  9/9        EV: 14    Int:  8    God:    Xom [...*..]
Gold:   218        SH:  6    Dex: 10    Spells: 8/8 levels left

rFire   + . .      SeeInvis .   a - +0 war axe (vorpal)
rCold   . . .      Faith    +   c - +1 buckler
rNeg    . . .      Spirit   .   b - +0 scale mail
rPois   .          Reflect  .   (helmet restricted)
rElec   .          Harm     .   g - +2 cloak {rCorr}
rCorr   +          Rampage  .   (no gloves)
Will    .....                   (no boots)
Stlth   ..........              j - amulet of faith
HPRegen 0.29/turn               e - +4 ring of evasion
MPRegen 0.11/turn               (no ring)

@: berserking (expiring), lethally poisoned (-3 -> -3), invisible, very quick
A: horns 1, fire resistance 1, mutation resistance 1
a: Renounce Religion


You were on level 6 of the Dungeon.
You worshipped Xom.
You were a favourite toy of Xom.
You visited 2 branches of the dungeon, and saw 7 of its levels.

You collected 218 gold pieces.

Inventory:

Hand Weapons
 a - a +0 vorpal war axe (weapon)
 o - a +3 dagger
Armour
 b - a +0 scale mail (worn)
 c - a +1 buckler (worn)
 g - a +2 cloak of preservation (worn)
Jewellery
 e - a +4 ring of evasion (left hand)
 j - an amulet of faith (around neck)
Wands
 i - a wand of flame (21)
Scrolls
 l - a scroll of enchant armour
Potions
 h - a potion of berserk rage
 n - a potion of haste


   Skills:
 + Level 7.0 Fighting
 + Level 11.5 Axes
 + Level 7.4 Armour
 + Level 2.9 Dodging
 + Level 2.1 Stealth
 + Level 5.5 Shields


You had 8 spell levels left.
You didn't know any spells.
Your spell library contained the following spells:

 Spells                   Type           Power      Damage    Failure   Level
 Shock                    Conj/Air       0%         1d3       77%         1
 Swiftness                Air            0%         N/A       98%         3
 Airstrike                Air            0%         N/A       100%        4
 Cause Fear               Hex            0%         N/A       100%        4
 Fireball                 Conj/Fire      0%         3d3       100%        5
 Iskenderun's Battlesphe  Conj           0%         2d6       100%        5
 Conjure Ball Lightning   Conj/Air       0%         3x3d6     100%        6
 Dragon Form              Tmut           0%         N/A       100%        7
 Orb of Destruction       Conj           0%         N/A       100%        7
 Dragon's Call            Summ           0%         N/A       100%        9


Dungeon Overview and Level Annotations

Branches:
Dungeon (6/15)             Temple (1/1) D:6

Altars:
Ashenzari
Dithmenos
Gozag
Hepliaklqana
Kikubaaqudgha
Makhleb
Nemelex Xobeh
Okawaru
Qazlal
Ru
Sif Muna
Uskayaw
Vehumet
Wu Jian
Xom
Yredelemnul
Zin

Shops:
D:6 =


Innate Abilities, Weirdness & Mutations

You have a pair of small horns on your head.
Your flesh is heat resistant. (rF+)
You are somewhat resistant to further mutation.


Message History

The kobold brigand misses you.
You catch the helpless kobold brigand completely off-guard!
You slice the kobold brigand!!
You kill the kobold brigand!
You feel sick.
The orc throws a boomerang.
You block the boomerang.
Your Fighting skill increases to level 7!
You feel sick.
The orc priest shouts!
Things that are here:
a +2 dagger of pain; 5 poisoned darts You feel a strong urge to attack something.
You feel sick.
The orc priest shouts!
A gnoll sergeant comes into view. It is wielding a +0 spear.
You barely miss the orc priest. You headbutt the orc priest.
The orc priest is moderately wounded.
The orc priest shouts!
The orc priest hits you with a +3 whip.
* * * LOW HITPOINT WARNING * * *
Xom is mildly amused.
You hit the orc priest but do no damage.
Your headbutt misses the orc priest.
The orc priest is moderately wounded.
* * * LOW HITPOINT WARNING * * *
You feel sick.
You catch the helpless orc priest completely off-guard!
You slash the orc priest!
The orc priest is almost dead.
* * * LOW HITPOINT WARNING * * *
You feel sick.
A gnoll sergeant comes into view. It is wielding a +0 trident of flaming.
* * * LOW HITPOINT WARNING * * *
You feel sick.
The gnoll sergeant shouts!
The orc priest mumbles some strange prayers to Beogh against you.
You struggle to resist.
The orc priest mumbles some strange prayers to Beogh against you.
Pain shoots through your body!
You die...
Xom guffaws!

.....(.).)..))......(#.O.#≈≈.
#####''''#############...#≈≈.
#..))# . #+###≈≈P #....# ..
≈≈. #....# g.. #
#....#######''##
...[#..).#.........#
#8..'..†.'(o.g.....'
#8..'....'..@oo....#
....#8..8#.........#
####################


You could see 2 gnoll sergeants, 2 orc priests and an orc.

Vanquished Creatures
  A two-headed ogre (D:6)
  A warg (D:6)
  An acid dragon (D:6)
  2 orc warriors (D:6)
  3 black bears
  A centaur (D:4)
  5 ogres
  A kobold brigand (D:6)
  Blork the orc (D:4)
  2 scorpions
  A water moccasin zombie (D:5)
  3 howler monkeys (D:6)
  A centaur zombie (D:6)
  A jelly (D:6)
  2 orc priests
  3 hounds
  A centaur skeleton (D:5)
  3 iguanas
  A gnoll shaman (D:6)
  Natasha (thrice) (D:4)
  2 orc wizards (D:6)
  A hound skeleton (D:4)
  Robin (D:4)
  6 gnolls
  9 adders
  2 ufetubi (D:6)
  A worm (D:3)
  A dart slug (D:1)
  8 orcs
  2 endoplasms
  A giant cockroach (D:2)
  17 goblins
  11 hobgoblins
  6 jackals
  A quokka (D:1)
  8 ball pythons
  5 bats
  5 frilled lizards
  8 kobolds
  A rat (D:3)
133 creatures vanquished.

Vanquished Creatures (others)
  A bush (D:6)
  A plant (D:6)
2 creatures vanquished.

Grand Total: 135 creatures vanquished

Notes
Turn   | Place    | Note
-------+----------+-------------------------------------------
     0 | D:1      | lonewolfV2 the Hill Orc Fighter began the quest for the
                  | Orb.
     0 | D:1      | Reached XP level 1. HP: 19/19 MP: 1/1
   374 | D:1      | Reached XP level 2. HP: 27/27 MP: 2/2
   415 | D:1      | Found a faded altar of an unknown god.
   760 | D:1      | Reached skill level 3 in Axes
   776 | D:1      | Reached XP level 3. HP: 8/33 MP: 3/3
  1854 | D:2      | Reached XP level 4. HP: 35/40 MP: 4/4
  2195 | D:3      | Reached skill level 4 in Axes
  2894 | D:3      | Reached XP level 5. HP: 43/46 MP: 5/5
  3265 | D:3      | Noticed an ogre
  3271 | D:3      | Killed an ogre
  3272 | D:3      | Reached skill level 5 in Axes
  3905 | D:4      | Found a sacrificial altar of Ru.
  3935 | D:4      | Reached skill level 5 in Armour
  3935 | D:4      | Reached skill level 1 in Dodging
  3935 | D:4      | Reached XP level 6. HP: 29/52 MP: 6/6
  4213 | D:4      | Gained mutation: You are somewhat resistant to further
                  | mutation. [potion of mutation]
  4213 | D:4      | Gained mutation: You have a pair of small horns on your
                  | head. [potion of mutation]
  4296 | D:4      | Noticed Blork the orc
  4304 | D:4      | Killed Blork the orc
  4305 | D:4      | Reached skill level 6 in Axes
  4786 | D:4      | Reached XP level 7. HP: 56/60 MP: 7/7
  4886 | D:4      | Noticed Robin
  4893 | D:4      | Killed Robin
  4943 | D:4      | Noticed Natasha
  4950 | D:4      | Killed Natasha
  5423 | D:4      | Noticed Natasha
  5441 | D:4      | Killed Natasha
  5725 | D:4      | Noticed Natasha
  5733 | D:4      | Killed Natasha
  5816 | D:5      | Entered Level 5 of the Dungeon
  5826 | D:5      | Reached skill level 7 in Axes
  5902 | D:5      | Reached skill level 5 in Fighting
  6269 | D:5      | Reached skill level 8 in Axes
  6269 | D:5      | Reached XP level 8. HP: 66/68 MP: 8/8
  6389 | D:6      | Found a hazy altar of Hepliaklqana.
  6459 | D:6      | Found a staircase to the Ecumenical Temple.
  6830 | Temple   | Entered the Ecumenical Temple
  6977 | Temple   | Became a worshipper of Xom the Random Number God
  7142 | D:6      | XOM: divination: detect items
  7175 | D:6      | XOM: potion effect (brilliance)
  7179 | D:6      | XOM: summons friendly ufetubus
  7181 | D:6      | Reached skill level 9 in Axes
  7361 | D:6      | XOM: noise
  7410 | D:6      | XOM: stat loss: -1 Dex (9/10)
  7455 | D:6      | XOM: give mutation
  7455 | D:6      | Gained mutation: Your flesh is heat resistant. (rF+) [Xom's
                  | mischief]
  7563 | D:6      | Found Azatz's One-of-a-Kind Rings.
  7586 | D:6      | XOM: summons 4 hostile shadow creatures
  7639 | D:6      | XOM: summons 1 hostile demon
  8131 | D:6      | XOM: swap monsters
  8134 | D:6      | XOM: 4-stop teleportation journey
  8136 | D:6      | XOM: blink monster(s)
  8143 | D:6      | XOM: swap monsters
  8144 | D:6      | XOM: chaos cloud
  8145 | D:6      | XOM: blink monster(s)
  8148 | D:6      | XOM: chaos upgrade
  8154 | D:6      | Reached XP level 9. HP: 66/75 MP: 9/9
  8158 | D:6      | XOM: smoke on damage
  8161 | D:6      | Reached skill level 10 in Axes
  8161 | D:6      | Reached skill level 5 in Shields
  8186 | D:6      | Noticed a two-headed ogre
  8200 | D:6      | XOM: summons 3 friendly demons
  8202 | D:6      | XOM: potion effect (invisibility)
  8212 | D:6      | Killed a two-headed ogre
  8213 | D:6      | Reached skill level 11 in Axes
  8213 | D:6      | Reached skill level 1 in Stealth
  8278 | D:6      | HP: 4/118 [orc priest (6)]
  8281 | D:6      | HP: 1/118 [poisoned by a kobold brigand]
  8281 | D:6      | Killed from afar by an orc priest

Illustrated notes

Levels and vault maps discovered:
D:1:      tarquinn_simple_flora_water_e, layout_basic,
          hellmonk_ecumenical_altar_pennies_from_heaven, st_stairs_6
D:2:      layout_basic, dk_noncrumbling_3
D:3:      layout_basic, gup_sewer_entry_glass, minmay_quantized
D:4:      layout_layer_cave, lemuel_tele_altar, uniq_robin, uniq_blork_the_orc,
          uniq_natasha
D:5:      layout_rooms
D:6:      lemuel_castle_with_subvaults [lemuel_castle_interior_carwin_2],
          layout_basic, overflow_temple_1_default, minmay_temple_entry_junction,
          serial_park_tiny_2, minmay_misc_feat_more_columns,
          nicolae_shop_unique_rings, chequers_serial_rivers_small_b,
          uniq_eustachio
Temple:   eino_wide_crystal_templ

Skill      XL: |  1  2  3  4  5  6  7  8  9 |
---------------+----------------------------+-----
Axes           | 3 4 5 6 8 9 11 | 11.5
Armour         | 4 5 6 7 |  7.4
Fighting       | 4 5 6 7 |  7.0
Shields        | 4 5 |  5.5
Dodging        | 1 2 |  2.9
Stealth        | 2 |  2.1

Action                   |  1- 3 |  4- 6 |  7- 9 || total
-------------------------+-------+-------+-------++-------
Melee: War axe           |    83 |   132 |   179 ||   394
       Headbutt          |       |     4 |    30 ||    34
  Use: Scroll            |     3 |     5 |     3 ||    11
       Potion            |       |     5 |     8 ||    13
 Stab: Invisible         |       |       |     6 ||     6
Armor: Scale mail        |    54 |    65 |    67 ||   186
Dodge: Dodged            |    45 |   113 |   147 ||   305
Block: Buckler           |    25 |    34 |    48 ||   107

Table legend: (Time is in decaauts)
 A = Elapsed time spent in this place.
 B = Non-inter-level travel time spent in this place.
 C = Inter-level travel time spent in this place.
 D = Time resting spent in this place.
 E = Time spent auto-exploring this place.
 F = Levels seen in this place.
 G = Mean time per level.
                   A        B        C        D        E       F      G
               +--------+--------+--------+--------+--------+-----+--------+
         Total |   8363 |   8247 |    116 |   2699 |   3961 |   7 | 1194.7 |
       Dungeon |   8186 |   8070 |    116 |   2699 |   3961 |   6 | 1364.3 |
        Temple |    176 |    176 |      0 |      0 |      0 |   1 |  176.0 |
               +--------+--------+--------+--------+--------+-----+--------+

Top non-repeatable levels by time:
     D:4: 1942 daAuts
     D:6: 1746 daAuts
     D:3: 1718 daAuts
     D:1: 1415 daAuts
     D:2: 807 daAuts
     D:5: 555 daAuts
  Temple: 176 daAuts
